 Dungeon Crawl Stone Soup version 0.23-a0-612-gcb482e9 (console) character file.

1135 bli the Skirmisher (level 8, -7/73 HPs)
             Began as a Black Draconian Wanderer on Dec 21, 2018.
             Mangled by an ice beast (12 damage)
             ... on level 6 of the Dungeon.
             The game lasted 00:21:08 (5109 turns).

bli the Skirmisher (Black Draconian Wanderer)       Turns: 5109, Time: 00:21:08

Health: -7/73      AC:  6    Str: 14    XL:     8   Next: 14%
Magic:  14/14      EV: 14    Int: 14    God:
Gold:   214        SH:  0    Dex: 12    Spells: 10/16 levels left

rFire    . . .     SeeInvis .   q - +0 trident
rCold    . . .     Gourm    .   (no shield)
rNeg     . . .     Faith    .   (armour unavailable)
rPois    .         Spirit   .   (helmet restricted)
rElec    +         Reflect  .   (no cloak)
rCorr    .         Harm     .   (no gloves)
MR       .....                  (no boots)
Stlth    +.........             i - amulet of magic regeneration
HPRegen  0.22/turn              s - ring of flight
MPRegen  0.39/turn              (no ring)

@: very slightly contaminated
A: breathe lightning, unfitting armour, electricity resistance, cold-blooded, AC
+6
a: Breathe Lightning, Evoke Flight


You were on level 6 of the Dungeon.
You were hungry.

You visited 1 branch of the dungeon, and saw 6 of its levels.

You collected 214 gold pieces.

Inventory:

Hand Weapons
 a - a +0 spear
 d - a +0 club
 q - a +0 trident (weapon)
 x - a +1 dagger of freezing
Missiles
 e - 150 stones (quivered)
Magical Staves
 y - an uncursed staff of summoning
Jewellery
 i - an amulet of magic regeneration (around neck)
 s - a ring of flight (left hand)
 z - an uncursed ring of flight
Scrolls
 c - 7 scrolls of identify {unknown}
 g - 2 scrolls of fear {unknown}
 j - 8 scrolls of remove curse {unknown}
 k - a scroll of enchant armour {unknown}
 m - 2 scrolls of magic mapping {unknown}
 o - 2 scrolls of teleportation {unknown}
 p - a scroll of amnesia {unknown}
Potions
 b - a potion of flight {unknown}
 h - a potion of berserk rage
 l - 2 potions of haste {unknown}
 n - 2 potions of brilliance {unknown}
 r - a potion of agility {unknown}
 t - a potion of might {unknown}
 u - a potion of degeneration {unknown}
 v - a potion of magic {unknown}
 w - a potion of heal wounds {unknown}
Comestibles
 f - 8 rations


   Skills:
 * Level 7.1 Fighting
 - Level 1.0 Throwing
 + Level 4.1 Dodging
 + Level 4.5 Spellcasting
 + Level 3.7 Conjurations
   Level 3.0 Necromancy
 + Level 1.0 Evocations


You had 10 spell levels left.
You knew the following spells:

 Your Spells              Type           Power        Failure   Level  Hunger
a - Magic Dart            Conj           ##..         4%          1    None
c - Mephitic Cloud        Conj/Pois/Air  #.......     32%         3    ###....
B - Blink                 Tloc           N/A          28%         2    ##.....

Your spell library contained the following spells:

 Spells                   Type           Power        Failure   Level  Hunger
 Corpse Rot               Necr           N/A          9%          2    ##.....
 Sublimation of Blood     Necr           ##........   9%          2    ##.....
 Conjure Flame            Conj/Fire      #.......     26%         3    ###....
 Call Imp                 Summ           #.......     28%         2    ##.....
 Passwall                 Tmut/Erth      #.......     28%         2    ##.....
 Slow                     Hex            #.......     28%         2    ##.....
 Sticks to Snakes         Tmut           #.......     28%         2    ##.....


Dungeon Overview and Level Annotations

Branches:
Dungeon (6/15)
 Temple: D:4-7

Altars:
Ashenzari
Gozag

Annotations:
D:6 1 transporter


Innate Abilities, Weirdness & Mutations

You can breathe wild blasts of lightning.
Your glossy black scales are hard. (AC +6)
You cannot fit into any form of body armour.
You are resistant to electric shocks. (rElec)
You are cold-blooded and may be slowed by cold attacks.


Message History

You hit the ice beast.
The ice beast is moderately wounded.
The orc warrior barely misses you. The ice beast barely misses you.
An orc comes into view. It is wielding a +0 whip.
You hit the ice beast but do no damage.
You tail-slap the ice beast, but do no damage.
The ice beast is moderately wounded.
The ice beast hits you but does no damage.
The orc warrior hits you from afar with a cursed -2 trident.
* * * LOW HITPOINT WARNING * * *
The ice beast hits you.
* * * LOW HITPOINT WARNING * * *
The ice beast freezes you!
* * * LOW HITPOINT WARNING * * *
The orc warrior hits you but does no damage.
The ice beast misses you. The ice beast hits you.
* * * LOW HITPOINT WARNING * * *
The ice beast freezes you!
You die...

..+/©#©...####.# #
..#..#.......#.##.###
≈≈#P8#.#####.#......
######.....#...#..####
........##.##........####.
.......)..>..........#....
#.......#.###o#####......
#.#####...##.o..#........
.. #.####...o....# #
#.#......Y#.$.#
..#.##....@#.## ####
+.......[# #........#
.......$.....
##########...# ..... .#...
...


You could see an orc warrior, an ice beast and 2 orcs.

Vanquished Creatures
  Sigmund (D:3)
  A phantom (D:4)
  A sky beast (D:6)
  4 ogres
  3 howler monkeys
  A centaur skeleton (D:5)
  3 worker ants (D:5)
  Natasha (D:2)
  3 gnolls (D:3)
  7 adders
  A shadow imp (D:5)
  2 worms
  4 dart slugs
  6 leopard geckos
  6 orcs
  6 giant cockroaches
  6 goblins
  9 hobgoblins
  5 jackals
  6 kobolds
  6 quokkas
  3 ball pythons
  8 bats
  6 frilled lizards
  8 rats
107 creatures vanquished.

Notes
Turn   | Place    | Note
-------+----------+-------------------------------------------
     0 | D:1      | bli the Draconian Wanderer began the quest for the Orb.
     0 | D:1      | bli set off with the following items: a +0 club, a ration;
                  | and the following spell memorised: Magic Dart; and the
                  | following spells available to memorise: Corpse Rot,
                  | Sublimation of Blood, Blink, Call Imp, Passwall, Slow,
                  | Sticks to Snakes, Conjure Flame, Mephitic Cloud
     0 | D:1      | Reached XP level 1. HP: 19/19 MP: 3/3
   173 | D:1      | Reached XP level 2. HP: 12/27 MP: 5/5
   361 | D:1      | Found a shattered altar of Ashenzari.
   487 | D:1      | Reached skill level 4 in Fighting
   945 | D:2      | Reached XP level 3. HP: 29/34 MP: 1/6
  1343 | D:2      | Noticed Natasha
  1470 | D:2      | Killed Natasha
  1470 | D:2      | Reached XP level 4. HP: 27/41 MP: 7/7
  1474 | D:2      | Learned a level 2 spell: Blink
  2258 | D:3      | Reached skill level 1 in Conjurations
  2351 | D:3      | Reached skill level 1 in Dodging
  2442 | D:3      | Reached XP level 5. HP: 22/47 MP: 9/9
  2474 | D:3      | Reached skill level 5 in Fighting
  3171 | D:3      | Noticed Sigmund
  3305 | D:4      | Noticed a phantom
  3338 | D:4      | Killed a phantom
  3338 | D:4      | Reached XP level 6. HP: 35/56 MP: 5/11
  3994 | D:3      | Your scales start taking on a glossy black colour.
  3994 | D:3      | Reached XP level 7. HP: 60/62 MP: 10/12
  3994 | D:3      | Gained mutation: You are resistant to electric shocks.
                  | (rElec) [Black Draconian growth]
  4007 | D:3      | Killed Sigmund
  4007 | D:3      | Reached skill level 6 in Fighting
  4012 | D:3      | Learned a level 3 spell: Mephitic Cloud
  4033 | D:3      | Found an opulent altar of Gozag.
  4185 | D:5      | Entered Level 5 of the Dungeon
  4690 | D:5      | Found a shattered altar of Ashenzari.
  5029 | D:6      | Found a transporter.
  5054 | D:6      | Reached XP level 8. HP: 45/71 MP: 12/14
  5093 | D:6      | Reached skill level 7 in Fighting
  5109 | D:6      | Mangled by an ice beast

Vault maps used:
D:1:      psy_arrival_radial02, nicolae_ashenzari_panopticon
D:2:      first_ration, kennysheep_generic_room_11, uniq_natasha
D:3:      minmay_wonky_spiral, marbit_many_paths, kennysheep_generic_room_5,
          uniq_sigmund
D:5:      basic_altar
D:6:      gammafunk_steamed_eel, kennysheep_slug_shrine,
          nicolae_tso_swordbearing_angel, hangedman_decor_lopped

Skill      XL: |  1  2  3  4  5  6  7  8 |
---------------+-------------------------+-----
Fighting       | 4 5 6 7 |  7.1
Conjurations   | 1 2 3 |  3.7
Dodging        | 1 2 3 4 |  4.1
Spellcasting   | 3 4 |  4.5
Throwing       | |  1.0
Necromancy     | |  3.0
Evocations     | |  1.0

Action                   |  1- 3 |  4- 6 |  7- 9 || total
-------------------------+-------+-------+-------++-------
Melee: Spear             |    94 |   135 |       ||   229
       Tailslap          |     9 |    17 |    18 ||    44
       Trident           |       |    89 |    72 ||   161
       Dagger            |       |       |    48 ||    48
 Cast: Magic Dart        |    45 |   118 |    38 ||   201
 Abil: Breathe Lightning |       |       |     1 ||     1
  Use: Potion            |       |     1 |       ||     1
 Stab: Sleeping          |     2 |       |       ||     2
  Eat: Chunk             |     3 |    10 |     3 ||    16
Armor: Skin              |    25 |    76 |    45 ||   146
Dodge: Dodged            |    41 |   161 |    99 ||   301

Table legend:
 A = Non-vault XP
 B = Vault XP
 C = Vault XP percentage of total XP
 D = Non-vault monster count
 E = Vault monster count
 F = Vault count percentage of total count
                 A         B        C        D         E       F
            +---------+---------+-------+---------+---------+-------
      Total |    1344 |     278 |  17.1 |      99 |       8 |   7.5
            +---------+---------+-------+---------+---------+-------
        D:1 |      36 |       0 |   0.0 |      21 |       0 |   0.0
        D:2 |      56 |      37 |  39.8 |      23 |       2 |   8.0
        D:3 |     185 |     241 |  56.6 |      26 |       6 |  18.8
        D:4 |     410 |       0 |   0.0 |      15 |       0 |   0.0
        D:5 |     403 |       0 |   0.0 |      12 |       0 |   0.0
        D:6 |     254 |       0 |   0.0 |       2 |       0 |   0.0
            +---------+---------+-------+---------+---------+-------
